 Dungeon Crawl Stone Soup version 0.28.0-47-ge53b351184 (webtiles) character file.

Game seed: 40085148317817534

3402 pkoi the Martial Artist (level 9, -3/64 (69) HPs)
             Began as a Demigod Gladiator on May 10, 2022.
             Slain by a wight
             ... wielding a +0 halberd
              (7 damage)
             ... on level 6 of the Dungeon.
             The game lasted 00:14:16 (10148 turns).

pkoi the Martial Artist (Demigod Gladiator)        Turns: 10148, Time: 00:14:16

HP:   -3/64 (69)    AC:  7    Str: 15    XL:     9   Next: 47%
MP:   16/16         EV: 12    Int: 22    God:
Gold: 321           SH:  0    Dex: 15    Spells: 9/14 levels left

rFire   . . .      SeeInvis .     - Unarmed
rCold   . . .      Faith    .   (no shield)
rNeg    . . .      Spirit   .   v - +0 leather armour
rPois   .          Reflect  .   b - +0 helmet
rElec   .          Harm     .   q - +0 cloak
rCorr   .          Rampage  .   l - +0 pair of gloves
Will    .....                   (no boots)
Stlth   +.........              k - amulet of regeneration
HPRegen 1.00/turn               a - +4 ring of slaying
MPRegen 0.15/turn               (no ring)

@: drained
A: high MP 1, forlorn, divine attributes
a: no special abilities


You were on level 6 of the Dungeon.
You visited 1 branch of the dungeon, and saw 6 of its levels.

You collected 321 gold pieces.

Inventory:

Hand Weapons
 d - a +1 whip of flaming
 n - a +1 dagger
 p - a +4 quarterstaff of chaos
Missiles
 c - 3 throwing nets (quivered)
Armour
 b - a +0 helmet (worn)
 l - a +0 pair of gloves (worn)
 q - a +0 cloak (worn)
 v - a +0 leather armour (worn)
Jewellery
 a - a +4 ring of slaying (left hand)
 g - an amulet of guardian spirit
 k - an amulet of regeneration (around neck)
Wands
 o - a wand of paralysis (3)
 r - a wand of flame (5)
 s - a wand of polymorph (3)
Scrolls
 e - 2 scrolls of blinking
 j - a scroll of teleportation
 t - a scroll of magic mapping
 u - a scroll of summoning
Potions
 f - a potion of brilliance
 h - 2 potions of magic
 i - a potion of flight
 m - a potion of curing


   Skills:
 - Level 3.0 Fighting
 - Level 1.7 Throwing
 - Level 4.0 Armour
 - Level 3.0 Dodging
 * Level 9.5 Unarmed Combat
 - Level 3.0 Spellcasting
 + Level 3.7 Conjurations
 + Level 1.9 Hexes
 + Level 4.3 Evocations


You had 9 spell levels left.
You knew the following spells:

 Your Spells              Type           Power      Damage    Failure   Level
a - Magic Dart            Conj           76%        1d6       3%          1
b - Fulminant Prism       Conj/Hex       7%         3d7       43%         4

Your spell library contained the following spells:

 Spells                   Type           Power      Damage    Failure   Level
 Searing Ray              Conj           38%        2d5       4%          2
 Static Discharge         Conj/Air       11%        N/A       11%         2
 Lightning Bolt           Conj/Air       5%         1d17      89%         5
 Maxwell's Capacitive Co  Air            1%         ∞         100%        8


Dungeon Overview and Level Annotations

Branches:
Dungeon (6/15)
 Temple: D:4-7

Shops:
D:4 *


Innate Abilities, Weirdness & Mutations

You have an increased reservoir of magic. (+10% MP)
You shall have no god before yourself.
Your divine heritage dramatically boosts your attributes as you level up.


Message History

The wight is moderately damaged.
The wight hits you with a +3 battleaxe of freezing.
The wight freezes you.
The wight hits you from afar with a +0 halberd.
* * * LOW HITPOINT WARNING * * *
You feel drained.
* * * LOW HITPOINT WARNING * * *
You closely miss the wight.
The wight is moderately damaged.
The wight hits you with a +3 battleaxe of freezing!
* * * LOW HITPOINT WARNING * * *
The wight freezes you.
* * * LOW HITPOINT WARNING * * *
The wight completely misses you.
You closely miss the wight.
The wight is moderately damaged.
The wight barely misses you. The wight closely misses you.
Unknown command.
You barely miss the wight.
The wight is moderately damaged.
The wight completely misses you.
The wight hits you from afar with a +0 halberd!
* * * LOW HITPOINT WARNING * * *
You feel drained.
* * * LOW HITPOINT WARNING * * *
You punch the wight!
The wight is severely damaged.
The wight hits you with a +3 battleaxe of freezing!
* * * LOW HITPOINT WARNING * * *
You feel drained.
* * * LOW HITPOINT WARNING * * *
The wight freezes you.
* * * LOW HITPOINT WARNING * * *
The wight hits you from afar with a +0 halberd.
* * * LOW HITPOINT WARNING * * *
You hit the wight.
The wight is almost destroyed.
The wight barely misses you.
The wight hits you from afar with a +0 halberd!
You die...

#.#####.........#
#..........##'###
##############.##....
#.........<..#.##.###
####.#######.#.##.##.#
#....#...).....##.##.# #
#.#####....###.##....# #
#.########......#.######
#.#....@.#.............'
##.#.####z#..###........#
#..#.# z#..# #........#
##.#.# .#..###........#
#.#(# .#.............#
#.#.# ##..............
#.#)# #####.#........
##.#.# #.#######.. #....#
#.# #..


You could see 2 wights.

Vanquished Creatures
  Pikel (D:5)
  Menkaure (D:4)
  Duvessa (D:4)
  3 water moccasins
  2 ice beasts
  A sky beast (D:5)
  A black bear (D:5)
  2 orc warriors (D:6)
  2 ogres
  2 centaurs (D:6)
  2 phantoms
  2 lemures (D:4)
  Blork the orc (D:4)
  2 kobold brigands (D:6)
  A bullfrog (D:3)
  2 scorpions
  A water moccasin zombie (D:6)
  Dowan (D:3)
  A water moccasin skeleton (D:4)
  A howler monkey (D:4)
  3 wights (D:5)
  2 jellies (D:5)
  A centaur zombie (D:5)
  Crazy Yiuf (D:3)
  3 hounds
  An orc priest (D:6)
  2 centaur skeletons
  3 iguanas (D:4)
  2 orc wizards
  A scorpion zombie (D:4)
  A killer bee zombie (D:5)
  3 hound zombies (D:4)
  A hound skeleton (D:5)
  A howler monkey zombie (D:5)
  7 adders
  2 howler monkey skeletons
  3 adder zombies (D:4)
  4 dart slugs
  15 orcs
  3 endoplasms
  3 giant cockroaches
  6 goblins
  9 hobgoblins
  20 kobolds
  4 quokkas (D:1)
  3 ball pythons
  4 bats
  A frilled lizard (D:3)
  5 rats
144 creatures vanquished.

Vanquished Creatures (others)
  4 fungi (D:3)
  2 withered plants (D:4)
6 creatures vanquished.

Grand Total: 150 creatures vanquished

Notes
Turn   | Place    | Note
-------+----------+-------------------------------------------
     0 | D:1      | pkoi the Demigod Gladiator began the quest for the Orb.
     0 | D:1      | Reached XP level 1. HP: 17/17 MP: 3/3
   134 | D:1      | Reached skill level 3 in Unarmed Combat
   311 | D:1      | Reached XP level 2. HP: 19/24 MP: 4/4
  1585 | D:2      | Reached XP level 3. HP: 25/29 MP: 5/5
  1677 | D:2      | Reached skill level 4 in Unarmed Combat
  3124 | D:3      | Reached XP level 4. HP: 34/36 MP: 6/6
  3679 | D:3      | Found the +2 ratskin cloak {*Rats rPois rN+ Str-1 Int-1
                  | Dex+1}
  4160 | D:3      | Found a runed translucent door.
  4161 | D:3      | Noticed Crazy Yiuf
  4187 | D:3      | Killed Crazy Yiuf
  4188 | D:3      | Reached skill level 5 in Unarmed Combat
  4417 | D:4      | Reached skill level 1 in Armour
  4571 | D:4      | Reached XP level 5. HP: 21/41 MP: 2/7
  4971 | D:4      | Found Innuchol's Assorted Antiques.
  4999 | D:4      | Reached XP level 6. HP: 48/48 MP: 8/8
  5431 | D:3      | Reached skill level 6 in Unarmed Combat
  5575 | D:4      | Noticed Menkaure
  5593 | D:4      | Killed Menkaure
  5594 | D:4      | Reached XP level 7. HP: 6/55 MP: 2/9
  6193 | D:4      | Noticed Dowan
  6193 | D:4      | Noticed Duvessa
  6351 | D:4      | Killed Duvessa
  6567 | D:3      | Killed Dowan
  6674 | D:4      | Reached skill level 7 in Unarmed Combat
  7009 | D:4      | Reached skill level 1 in Evocations
  7135 | D:4      | Noticed Blork the orc
  7146 | D:4      | Killed Blork the orc
  7288 | D:5      | Entered Level 5 of the Dungeon
  7321 | D:4      | Learned a level 1 spell: Magic Dart
  7436 | D:5      | Reached XP level 8. HP: 46/63 MP: 7/11
  7584 | D:5      | Reached skill level 1 in Conjurations
  7591 | D:5      | Reached skill level 1 in Spellcasting
  7848 | D:5      | Reached skill level 8 in Unarmed Combat
  8061 | D:5      | Noticed Pikel
  8075 | D:5      | Killed Pikel
  8733 | D:6      | Reached XP level 9. HP: 50/69 MP: 14/16
  9057 | D:6      | Learned a level 4 spell: Fulminant Prism
  9147 | D:6      | Reached skill level 9 in Unarmed Combat
  9495 | D:6      | Reached skill level 1 in Hexes
 10147 | D:6      | HP: 3/64 [wight/+0 halberd (6)]
 10148 | D:6      | Slain by a wight

Illustrated notes

Levels and vault maps discovered:
D:1:      lemuel_arrival_river_passageway, layout_basic
D:2:      layout_basic, minmay_misc_feat_five, lemuel_another_geyser
D:3:      layout_loops_corners, zin_statuary, basic_ecumenical_altar,
          uniq_crazy_yiuf_cottage
D:4:      layout_cave_pods, serial_shops, nicolae_stop_n_shop_1,
          nicolae_ossuary_entry_plus, serial_undead, serial_undead_f,
          serial_undead_c, serial_undead_f, serial_undead_a, serial_undead_f,
          uniq_duvessa, uniq_menkaure, uniq_blork_the_orc
D:5:      layout_basic, uniq_pikel
D:6:      cheibrodos_quashed, layout_basic

Skill      XL: |  1  2  3  4  5  6  7  8  9 |
---------------+----------------------------+-----
Fighting       | 2 3 |  3.0
Unarmed Combat | 3 4 5 6 7 8 9 |  9.5
Armour         | 1 2 4 |  4.0
Dodging        | 3 |  3.0
Evocations     | 1 3 4 |  4.3
Conjurations   | 2 3 |  3.7
Spellcasting   | 2 3 |  3.0
Hexes          | 1 |  1.9
Throwing       | |  1.7

Action                   |  1- 3 |  4- 6 |  7- 9 || total
-------------------------+-------+-------+-------++-------
Melee: Unarmed           |   145 |   180 |   330 ||   655
       Punch             |     4 |     8 |    21 ||    33
Evoke: Wand              |       |     2 |     2 ||     4
  Use: Scroll            |     2 |     3 |    10 ||    15
 Stab: Paralysed         |       |     8 |    19 ||    27
Armor: Scale mail        |    39 |       |       ||    39
       Leather armour    |     1 |       |    35 ||    36
       Chain mail        |    32 |    83 |   107 ||   222
Dodge: Dodged            |    67 |    53 |   120 ||   240
